 Dungeon Crawl Stone Soup version 0.30.0-21-gd299b56b3f (webtiles) character file.

Game seed: 9707552104773237775

1325 qw the Blocker (level 8, -1/48 HPs)
             Began as a Gargoyle Fighter on June 2, 2023.
             Killed by divine providence
             ... invoked by an orc priest
              (13 damage)
             ... on level 5 of the Dungeon.
             The game lasted 00:02:04 (4062 turns).

qw the Blocker (Gargoyle Fighter)                   Turns: 4062, Time: 00:02:04

Health: -1/48      AC: 26    Str: 21    XL:     8   Next: 60%
Magic:  7/7        EV:  3    Int: 10    God:
Gold:   365        SH: 14    Dex:  9    Spells: 7/7 levels left

rFire   . . .        Y - +4 war axe (protect)
rCold   . . .        b - +0 tower shield
rNeg    + . .        a - +0 plate armour
rPois   inf          (helmet restricted)
rElec   +            (no cloak)
rCorr   .            m - +1 pair of gloves
SInv    .            (no boots)
Will    .....        e - amulet of regeneration Stlth
                     (no ring)
HPRegen 1.08/turn    (no ring)
MPRegen 0.10/turn

%: no passive effects
@: about to teleport, under a protective aura
A: sickness immunity, AC +5, negative energy resistance 1, electricity
resistance, torment resistance 1, petrification resistance, antennae 1, low MP 1
a: no special abilities


You were on level 5 of the Dungeon.
You visited 1 branch of the dungeon, and saw 5 of its levels.

You collected 365 gold pieces.


Innate Abilities, Weirdness & Mutations

You are immune to sickness and miasma.
Your stone body is resilient. (AC +5)
You are immune to poison.
You resist negative energy. (rN+)
You are resistant to electric shocks. (rElec)
You are resistant to unholy torment.
You are immune to petrification.
You have a pair of small antennae on your head.
Your magical capacity is low. (-10% MP)


   Skills:
 - Level 4.1 Fighting
 + Level 5.6 Axes
 - Level 3.2 Armour
 - Level 9.4 Shields


You had 7 spell levels left.
You didn't know any spells.
Your spell library was empty.

Inventory:

Hand Weapons
 j - a +0 flail
 Y - a +4 war axe of protection (weapon)
Missiles
 q - 5 boomerangs (quivered)
Armour
 a - a +0 plate armour (worn)
 b - a +0 tower shield (worn)
 m - a +1 pair of gloves (worn)
 r - a +0 pair of boots
Jewellery
 e - an amulet of regeneration (around neck)
 h - a ring of fire
Potions
 c - a potion of haste {unknown}
 d - 2 potions of might
 f - a potion of cancellation {unknown}
 g - a potion of curing
 i - 2 potions of mutation
 k - a potion of resistance {unknown}
 l - a potion of invisibility {unknown}
 n - a potion of attraction {unknown}
 o - 2 potions of lignification {unknown}
 p - a potion of flight {unknown}
 t - a potion of heal wounds {unknown}
 u - a potion of degeneration {unknown}

Dungeon Overview and Level Annotations

Branches:
Dungeon (5/15)
 Temple: D:4-7

Altars:
Qazlal
Uskayaw
Yredelemnul


Message History

The orc warrior barely misses you.
The orc warrior hits you but does no damage.
The orc priest calls upon Beogh to heal the orc warrior.
The orc warrior is healed somewhat.
You slash the orc warrior!
The orc warrior is severely wounded.
You hit the orc priest. The orc priest barely misses you.
The orc warrior hits you with a +0 glaive!
You completely miss the orc warrior.
The orc warrior is severely wounded.
You hit the orc priest. You block the orc priest's attack.
The orc warrior barely misses you. You block the orc warrior's attack.
You hit the orc warrior but do no damage.
The orc warrior is severely wounded.
You closely miss the orc priest.
The orc priest invokes the aid of Beogh against you.
Beogh smites you!
The orc warrior hits you with a +0 glaive.
The orc priest calls upon Beogh to heal the orc priest.
The orc priest is healed somewhat.
You slash the orc warrior!
You kill the orc warrior!
You hit the orc priest.
The orc priest invokes the aid of Beogh against you.
Beogh smites you!
4061 ||| READING scroll of teleportation.
As you read the scroll of teleportation, it crumbles to dust.
You feel strangely unstable. The rat bites you but does no damage.
The orc priest calls down the wrath of Beogh upon you.
You struggle to resist.
You hit the orc priest.
The orc priest is severely wounded.
You hit the rat.
You kill the rat!
The orc priest invokes the aid of Beogh against you.
Beogh smites you!
You die... ###. .#.. #### . ... .#.##. o.# .#..# ###.# ...# #oro#

...## #@#
#.#.###.#
#.#.##.##
##..#.#.#
#)####.##
#.## ###
##.##
#.#%##
##.#.#


You could see 2 orc priests, a river rat and an orc.

Vanquished Creatures
  Eustachio (D:5)
  Menkaure (D:5)
  Duvessa (D:5)
  An orc warrior (D:5)
  A black bear (D:5)
  An ice beast (D:5)
  A phantom (D:4)
  A gnoll sergeant (D:3)
  Dowan (D:5)
  2 hounds (D:4)
  3 jellies (D:5)
  4 iguanas
  Robin (D:4)
  5 adders
  3 gnolls (D:3)
  5 river rats (D:5)
  A worm (D:2)
  4 dart slugs
  11 orcs
  7 bats
  3 endoplasms
  5 giant cockroaches
  13 goblins
  8 hobgoblins
  8 quokkas
  9 ball pythons
  6 kobolds
  10 rats
117 creatures vanquished.

Notes
Turn   | Place    | Note
-------+----------+-------------------------------------------
     0 | D:1      | qw the Gargoyle Fighter began the quest for the Orb.
     0 | D:1      | Reached XP level 1. HP: 14/14 MP: 1/1
     0 | D:1      | 0 ||| qw: Version: 0.2-a-102-gdf20003
     0 | D:1      | 0 ||| qw: Game counter: 804
     0 | D:1      | 0 ||| qw: Always use a shield: true
     0 | D:1      | 0 ||| qw: God list: Okawaru
     0 | D:1      | 0 ||| qw: Allow faded altars: false
     0 | D:1      | 0 ||| qw: Do Orc after D:15 true
     0 | D:1      | 0 ||| qw: Do second Lair branch before Depths: true
     0 | D:1      | 0 ||| qw: Lair rune preference: random
     0 | D:1      | 0 ||| qw: Plans: Normal, Zot:1-4, Slime:5, God:TSO, Crypt,
                  | Tomb, Pan, Hells, Abyss, Win
     0 | D:1      | 0 ||| PLANNING D:1-11
    15 | D:1      | 15 ||| Stepping ~*~*~tactically~*~*~ (stealth).
    25 | D:1      | 25 ||| Stepping ~*~*~tactically~*~*~ (stealth).
    60 | D:1      | 60 ||| Stepping ~*~*~tactically~*~*~ (hiding).
   192 | D:1      | 192 ||| Stepping ~*~*~tactically~*~*~ (stealth).
   193 | D:1      | 193 ||| Stepping ~*~*~tactically~*~*~ (stealth).
   194 | D:1      | 194 ||| Stepping ~*~*~tactically~*~*~ (stealth).
   207 | D:1      | Reached XP level 2. HP: 9/19 MP: 2/2
   579 | D:1      | 579 ||| Stepping ~*~*~tactically~*~*~ (stealth).
   590 | D:1      | Reached skill level 3 in Axes
   671 | D:1      | 671 ||| UPGRADING to +0 pair of gloves.
   676 | D:1      | 676 ||| UPGRADING to amulet of regeneration.
   681 | D:1      | 681 ||| READING scroll labelled HUAGAUNAUTZ.
   682 | D:1      | 682 ||| READING scroll labelled QOFUHIR RISOBRAM.
   683 | D:1      | 683 ||| READING scroll labelled OTEDIGY AJETUCUE.
   688 | D:1      | 688 ||| READING scroll labelled RYOQIDDOXUEF.
   689 | D:1      | 689 ||| DRINKING 2 bubbling golden potions.
   690 | D:1      | 690 ||| DROPPING potion of brilliance.
   709 | D:2      | Reached XP level 3. HP: 23/23 MP: 3/3
  1042 | D:2      | 1042 ||| Stepping ~*~*~tactically~*~*~ (stealth).
  1043 | D:2      | 1043 ||| Stepping ~*~*~tactically~*~*~ (stealth).
  1168 | D:2      | Reached XP level 4. HP: 23/28 MP: 4/4
  1190 | D:2      | You fall into a shaft and drop 2 floors!
  1191 | D:4      | 1191 ||| UPGRADING to +0 plate armour.
  1201 | D:4      | 1201 ||| DROPPING +0 scale mail.
  1202 | D:4      | 1202 ||| READING scroll labelled XARHUA TITZ.
  1203 | D:4      | 1203 ||| READING scroll labelled AHIABA LICZI.
  1204 | D:4      | 1204 ||| READING scroll labelled MEF PAPUIVUE.
  1205 | D:4      | 1205 ||| DRINKING 2 viscous brown potions.
  1206 | D:4      | 1206 ||| DRINKING 3 glowing pink potions.
  1206 | D:4      | Gained mutation: Your magical capacity is low. (-10% MP)
                  | [potion of mutation]
  1206 | D:4      | Gained mutation: You have a pair of small antennae on your
                  | head. [potion of mutation]
  1211 | D:4      | 1211 ||| FLEEEEING.
  1212 | D:4      | 1212 ||| FLEEEEING.
  1213 | D:4      | 1213 ||| FLEEEEING.
  1214 | D:4      | 1214 ||| STAIRDANCE
  1302 | D:3      | 1302 ||| DROPPING +0 mace.
  1326 | D:3      | 1326 ||| READING scroll labelled POH GOUSUEDUEK.
  1433 | D:2      | 1433 ||| READING scroll of enchant armour.
  1433 | D:2      | 1433 ||| ENCHANTING +0 pair of gloves.
  1706 | D:2      | 1706 ||| UPGRADING to +0 tower shield.
  1716 | D:2      | 1716 ||| DROPPING +0 buckler.
  1927 | D:3      | 1927 ||| READING scroll of enchant weapon.
  1927 | D:3      | 1927 ||| ENCHANTING +1 war axe of protection.
  2072 | D:3      | Noticed a gnoll sergeant
  2072 | D:3      | 2072 ||| Stepping ~*~*~tactically~*~*~ (stealth).
  2094 | D:3      | Killed a gnoll sergeant
  2094 | D:3      | HP: 7/28 [gnoll/+0 spear[a gnoll sergeant] (5)]
  2095 | D:3      | Reached skill level 4 in Shields
  2095 | D:3      | Reached XP level 5. HP: 8/32 MP: 4/4
  2095 | D:3      | 2095 ||| READING 2 scrolls of teleportation.
  2171 | D:3      | 2171 ||| Stepping ~*~*~tactically~*~*~ (hiding).
  2179 | D:3      | Reached skill level 5 in Shields
  2464 | D:3      | 2464 ||| READING scroll labelled FIALEBUROZ.
  2465 | D:3      | 2465 ||| READING scroll labelled XIEG MELLUR.
  2466 | D:3      | 2466 ||| DRINKING 2 brown potions.
  2571 | D:3      | 2571 ||| DROPPING potion of berserk rage.
  2599 | D:4      | Reached XP level 6. HP: 35/37 MP: 5/5
  2621 | D:4      | 2621 ||| READING scroll of enchant weapon.
  2621 | D:4      | 2621 ||| ENCHANTING +2 war axe of protection.
  2668 | D:4      | Found a basalt altar of Yredelemnul.
  2685 | D:4      | 2685 ||| Stepping ~*~*~tactically~*~*~ (stealth).
  2687 | D:4      | Noticed Robin
  2688 | D:4      | 2688 ||| Stepping ~*~*~tactically~*~*~ (hiding).
  2697 | D:4      | Killed Robin
  2698 | D:4      | Reached skill level 6 in Shields
  2777 | D:4      | 2777 ||| Stepping ~*~*~tactically~*~*~ (stealth).
  2909 | D:4      | 2909 ||| Stepping ~*~*~tactically~*~*~ (hiding).
  3296 | D:4      | 3296 ||| READING scroll labelled ZANION YSUC.
  3297 | D:4      | 3297 ||| READING scroll labelled NEBUR UTUUSCHA.
  3336 | D:5      | Entered Level 5 of the Dungeon
  3341 | D:5      | Reached skill level 7 in Shields
  3371 | D:5      | Found a stormy altar of Qazlal.
  3397 | D:5      | Reached XP level 7. HP: 41/41 MP: 6/6
  3528 | D:5      | Noticed Eustachio
  3529 | D:5      | 3529 ||| Stepping ~*~*~tactically~*~*~ (hiding).
  3573 | D:5      | Killed Eustachio
  3574 | D:5      | Reached skill level 8 in Shields
  3633 | D:5      | Noticed a +0 short sword
  3633 | D:5      | Noticed a +0 dagger
  3633 | D:5      | Noticed a +0 short sword
  3635 | D:5      | Noticed a +0 spear
  3635 | D:5      | Noticed a +0 dagger
  3635 | D:5      | Noticed a +0 spear
  3635 | D:5      | Noticed a +0 falchion
  3636 | D:5      | Noticed a +0 falchion
  3640 | D:5      | Found a hide-covered altar of Uskayaw.
  3676 | D:5      | 3676 ||| READING scroll of enchant weapon.
  3676 | D:5      | 3676 ||| ENCHANTING +3 war axe of protection.
  3691 | D:5      | Noticed Duvessa
  3691 | D:5      | Noticed Dowan
  3709 | D:5      | Killed Duvessa
  3710 | D:5      | Killed Dowan
  3711 | D:5      | Reached XP level 8. HP: 46/46 MP: 7/7
  3854 | D:5      | Noticed Menkaure
  3861 | D:5      | Killed Menkaure
  3862 | D:5      | Reached skill level 9 in Shields
  3958 | D:5      | 3958 ||| Stepping ~*~*~tactically~*~*~ (hiding).
  3981 | D:5      | 3981 ||| FLEEEEING.
  3982 | D:5      | 3982 ||| FLEEEEING.
  3995 | D:5      | 3995 ||| Stepping ~*~*~tactically~*~*~ (stealth).
  3998 | D:5      | 3998 ||| Stepping ~*~*~tactically~*~*~ (stealth).
  3999 | D:5      | 3999 ||| Stepping ~*~*~tactically~*~*~ (stealth).
  4001 | D:5      | 4001 ||| Stepping ~*~*~tactically~*~*~ (stealth).
  4022 | D:5      | 4022 ||| Stepping ~*~*~tactically~*~*~ (stealth).
  4042 | D:5      | 4042 ||| Stepping ~*~*~tactically~*~*~ (hiding).
  4060 | D:5      | HP: 9/48 [orc priest/divine providence (14)]
  4061 | D:5      | 4061 ||| READING scroll of teleportation.
  4062 | D:5      | Killed from afar by an orc priest

Levels and vault maps discovered:
D:1:      dpeg_arrival_fog, layout_rooms, minmay_pentomino_s2
D:2:      layout_loops_corners
D:3:      layout_basic
D:4:      layout_cave_pods, kennysheep_mini, uniq_robin
D:5:      lemuel_ratsnest, layout_gridville, nicolae_uskayaw_en_pointe,
          lemuel_coloured_pillars_altar, uniq_menkaure, uniq_duvessa,
          uniq_eustachio

Skill      XL: |  1  2  3  4  5  6  7  8 |
---------------+-------------------------+-----
Axes           | 2 3 4 5 |  5.6
Shields        | 4 5 7 8 9 |  9.4
Fighting       | 4 |  4.1
Armour         | |  3.2

Action                     |  1- 3 |  4- 6 |  7- 9 || total
---------------------------+-------+-------+-------++-------
  Melee: War axe           |    94 |   101 |   142 ||   337
  Throw: Boomerang         |     9 |    33 |    19 ||    61
    Use: Scroll            |     4 |    12 |     2 ||    18
         Potion            |     1 |     3 |       ||     4
 Armour: Scale mail        |    61 |     1 |       ||    62
         Plate armour      |       |    99 |   138 ||   237
  Dodge: Dodged            |    45 |    20 |    15 ||    80
  Block: Buckler           |    23 |     3 |       ||    26
         Tower shield      |       |    83 |   129 ||   212

Table legend:
 A = Non-vault XP
 B = Vault XP
 C = Vault XP percentage of total XP
 D = Non-vault monster count
 E = Vault monster count
 F = Vault count percentage of total count
                 A         B        C        D         E       F
            +---------+---------+-------+---------+---------+-------
      Total |    1147 |     747 |  39.4 |      83 |      34 |  29.1
            +---------+---------+-------+---------+---------+-------
        D:1 |      32 |       1 |   3.0 |      18 |       1 |   5.3
        D:2 |      64 |       0 |   0.0 |      16 |       0 |   0.0
        D:3 |     179 |       0 |   0.0 |      20 |       0 |   0.0
        D:4 |     256 |      35 |  12.0 |      17 |      11 |  39.3
        D:5 |     616 |     711 |  53.6 |      12 |      22 |  64.7
            +---------+---------+-------+---------+---------+-------
